 Dungeon Crawl Stone Soup version 0.26-a0-689-gc93c913f66 (webtiles) character file.

Game seed: 649178617032958804

54763 Baz the Earth Mage (level 14, -3/126 HPs)
             Began as a Deep Dwarf Earth Elementalist on Oct 23, 2020.
             Was the Champion of Makhleb.
             Slain by a boulder beetle (43 damage)
             ... on level 6 of the Lair of Beasts.
             The game lasted 01:23:48 (28331 turns).

Baz the Earth Mage (Deep Dwarf Earth Elementalist) Turns: 28331, Time: 01:23:48

Health: -3/126     AC: 13    Str: 16    XL:     14   Next: 35%
Magic:  1/22       EV:  9    Int: 17    God:    Makhleb [******]
Gold:   1364       SH: 11    Dex: 19    Spells: 12/27 levels left

rFire    + . .     SeeInvis .   d - staff of earth
rCold    . . .     Faith    .   O - +0 kite shield
rNeg     + . .     Spirit   .   x - +1 scale mail {rF+}
rPois    +         Reflect  .   (no helmet)
rElec    .         Harm     .   (no cloak)
rCorr    .         Rampage  .   V - +2 pair of gloves {archery}
MR       ++...                  m - +0 pair of boots
Stlth    +.........             (no amulet)
HPRegen  0.00/turn              z - ring of poison resistance
MPRegen  0.18/turn              J - +6 ring of dexterity

@: non-regenerating
A: damage resistance, heal wounds, negative energy resistance 1, sense
surroundings 2, no regeneration
a: Heal Wounds, Minor Destruction, Lesser Servant of Makhleb, Major Destruction,
Greater Servant of Makhleb, Renounce Religion


You were on level 6 of the Lair of Beasts.
You worshipped Makhleb.
Makhleb was exalted by your worship.
You visited 2 branches of the dungeon, and saw 16 of its levels.
You also visited: Volcano.

You collected 1397 gold pieces.
You spent 33 gold pieces at shops.

Inventory:

Hand Weapons
 f - a +0 lajatang of flaming
Missiles
 b - 175 stones
 e - 76 poisoned darts (quivered)
 M - 3 throwing nets
Armour
 m - a +0 pair of boots (worn)
 x - a +1 scale mail of fire resistance (worn)
 O - a +0 kite shield (worn)
 V - a +2 pair of gloves of archery (worn)
Magical Staves
 d - an uncursed staff of earth (weapon)
 t - an uncursed staff of conjuration
Jewellery
 z - a ring of poison resistance (left hand)
 F - an uncursed ring of fire
 I - an uncursed amulet of guardian spirit
 J - a +6 ring of dexterity (right hand)
 K - an uncursed ring of protection from cold
 P - an uncursed ring of protection from fire
 S - an uncursed ring of wizardry
 U - an uncursed ring of protection from magic {unknown}
 X - a cursed ring of see invisible {unknown}
Wands
 c - a wand of acid (11)
 o - a wand of random effects (27)
 u - a wand of disintegration (45)
 A - a wand of polymorph (8)
 H - a wand of paralysis (29)
 Q - a wand of iceblast (6)
Scrolls
 a - a scroll of random uselessness
 h - a scroll of blinking
 i - 13 scrolls of teleportation
 l - 3 scrolls of holy word {unknown}
 r - 7 scrolls of remove curse
 v - a scroll of fear
 w - 3 scrolls of amnesia {unknown}
 y - 6 scrolls of enchant armour
 C - 4 scrolls of noise {unknown}
 L - 2 scrolls of immolation {unknown}
 N - 2 scrolls of identify
 R - a scroll of brand weapon {unknown}
Potions
 g - 5 potions of berserk rage
 j - 2 potions of lignification
 k - 2 potions of heal wounds
 n - a potion of invisibility {unknown}
 p - a potion of haste
 q - 7 potions of curing
 s - 3 potions of brilliance
 B - 2 potions of magic
 D - 5 potions of ambrosia {unknown}
 E - a potion of flight {unknown}
 G - 2 potions of degeneration {unknown}
 T - 2 potions of stabbing {unknown}
 W - a potion of might {unknown}


   Skills:
 + Level 8.2 Fighting
 * Level 10.9 Staves
 - Level 8.0 Armour
 - Level 2.1 Dodging
 - Level 2.4 Stealth
 + Level 8.5 Shields
 - Level 7.0 Spellcasting
 - Level 5.1 Conjurations
 - Level 0.8 Transmutations
 - Level 15.1 Earth Magic
 + Level 12.3 Evocations


You had 12 spell levels left.
You knew the following spells:

 Your Spells              Type           Power        Failure   Level
a - Sandblast             Erth           ######       1%          1
b - Stone Arrow           Conj/Erth      ######       3%          3
c - Passwall              Tmut/Erth      #####...     4%          2
d - Lee's Rapid Deconstr  Erth           ######....   4%          5
e - Petrify               Tmut/Erth      #####...     30%         4

Your spell library contained the following spells:

 Spells                   Type           Power        Failure   Level
 Animate Skeleton         Necr           #.....       63%         1
 Apportation              Tloc           #.....       63%         1
 Corona                   Hex            #......      63%         1
 Freeze                   Ice            #...         63%         1
 Summon Small Mammal      Summ           #...         63%         1
 Confusing Touch          Hex            #.......     94%         3
 Frozen Ramparts          Ice            #.....       94%         3
 Gell's Gravitas          Tloc           #.........   94%         3
 Ozocubu's Armour         Ice            #.......     94%         3
 Hailstorm                Conj/Ice       ##......     96%         4
 Summon Ice Beast         Ice/Summ       #.......     100%        4
 Metabolic Englaciation   Hex/Ice        #.........   100%        5
 Yara's Violent Unravell  Hex/Tmut       #.........   100%        5


Dungeon Overview and Level Annotations

Branches:
Dungeon (10/15)            Temple (0/1) D:7            Lair (6/6) D:9
 Shoals (0/4) Lair:2       Spider (0/4) Lair:4        Slime (0/5) Lair:5
Volcano (visited)
    Orc: D:9-12

Altars:
Dithmenos
Fedhas
Hepliaklqana
Makhleb
Qazlal
Sif Muna
Trog
Uskayaw
Wu Jian
The Shining One

Shops:
D:4 (}:   D:9 [   D:10 *

Annotations:
D:3 Sigmund
D:4 exclusion: orc, Edmund, Eustachio
D:5 1 runed translucent door, Crazy Yiuf
D:6 2 transporters, exclusion: 2 doors, lilly's ghost, novice MiMo
D:9 2 runed translucent doors, qipq's ghost, novice OpDe
Lair:5 exclusion: 2 oklob plants


Innate Abilities, Weirdness & Mutations

You are resistant to damage.
You can heal yourself by infusing magical energy.
You resist negative energy. (rN+)
You passively map the area around you.
You do not regenerate.


Message History

You hit the boulder beetle but do no damage.
You shatter the boulder beetle.
The boulder beetle is severely wounded.
You hit the boulder beetle.
The boulder beetle is severely wounded.
The boulder beetle bites you!
Casting: Stone Arrow (mildly dangerous; 3% risk of failure)
Confirm with . or Enter, or press ? or * to list all spells.
Aiming: Stone Arrow (mildly dangerous; 3% risk of failure)
Press: ? - help, Shift-Dir - straight line, f/p - boulder beetle
Aim: a boulder beetle (severely wounded)
You feel a surge of power!
The stone arrow hits the boulder beetle.
The boulder beetle is severely wounded.
The boulder beetle completely misses you.
Unknown command.
The boulder beetle curls into a ball and begins rolling!
There is a stone staircase leading up, spattered with blood here.
The boulder beetle hits you!!!
You die...

, #.*###......##...
.. * , ,
..#.##.#............
,
....................
* ,,
.................. ,
*
*..##.#............,
, , * , ,
#*##.°.#.....#., , *
,, , ##..°#####.# *
, * ,* ..##.(.B.#
..#** , *,,, ,
........@P##* P * ,
+...P.#....P# , * *
, ...#.....P## , *,*
, ...#.....## ** * *
, #P*###...., ** *
#...P * * , ** ,*
P..P.# , ,, , ,,
....... , ,, ,,
,,........ , , , ,


You could see a boulder beetle.

Vanquished Creatures
  A fire dragon (Volcano)
  7 hydras
  2 catoblepae
  2 two-headed ogres
  5 death yaks
  Pikel (D:9)
  3 salamanders (Volcano)
  An ugly thing (D:9)
  17 elephants
  2 merfolk sirens (Lair:2)
  Maurice (D:8)
  9 black mambas
  2 torpor snails
  12 cane toads
  Joseph (D:9)
  A gargoyle (D:10)
  Maggie (D:7)
  A rime drake (Lair:5)
  18 komodo dragons
  2 polar bears
  2 merfolk (Lair:2)
  Prince Ribbit (D:5)
  A troll (D:10)
  A jumping spider (Lair:4)
  21 blink frogs
  3 dream sheep (Lair:5)
  29 yaks
  7 fire bats (Volcano)
  A wraith (D:10)
  5 wyverns
  4 humans (D:6)
  3 basilisks
  A steam dragon (Volcano)
  Grum (D:9)
  18 water moccasins
  3 ice beasts
  5 eyes of draining
  2 sky beasts (D:8)
  2 orc warriors (D:6)
  11 ogres
  6 centaurs
  9 wolves
  A lemure (D:9)
  Blork the orc (D:6)
  13 bullfrogs
  2 gnoll sergeants
  A wyvern skeleton (D:9)
  10 killer bees
  8 wights
  12 howler monkeys
  4 hounds
  A bullfrog zombie (D:7)
  A centaur zombie (D:8)
  A jelly (D:5)
  10 orc priests
  12 orc wizards
  A quasit (D:10)
  2 centaur skeletons (D:4)
  A gnoll shaman (D:8)
  3 iguanas
  3 bullfrog skeletons
  14 hell rats
  13 worker ants
  A killer bee zombie (D:9)
  A hound zombie (D:6)
  A hound skeleton (D:8)
  13 gnolls
  16 adders
  2 shadow imps
  5 white imps
  4 ufetubi
  An ooze (D:4)
  2 adder skeletons
  5 worms
  12 leopard geckos
  48 orcs
  3 ball pythons
  4 giant cockroaches
  11 goblins
  8 hobgoblins
  3 jackals (D:1)
  2 quokkas
  4 bats
  4 frilled lizards
  8 kobolds
  13 rats
510 creatures vanquished.

Vanquished Creatures (others)
  2 wyverns (Volcano)
  34 fungi
  143 plants
179 creatures vanquished.

Grand Total: 689 creatures vanquished

Notes
Turn   | Place    | Note
-------+----------+-------------------------------------------
     0 | D:1      | Baz the Deep Dwarf Earth Elementalist began the quest for
                  | the Orb.
     0 | D:1      | Reached XP level 1. HP: 15/15 MP: 3/3
   206 | D:1      | Reached XP level 2. HP: 24/24 MP: 2/4
   696 | D:1      | Reached skill level 1 in Fighting
   852 | D:1      | Reached XP level 3. HP: 27/31 MP: 6/6
   918 | D:1      | Learned a level 3 spell: Stone Arrow
   926 | D:1      | Reached skill level 5 in Earth Magic
  1298 | D:2      | Learned a level 2 spell: Passwall
  1312 | D:2      | Found a burning altar of Makhleb.
  1316 | D:2      | Became a worshipper of Makhleb the Destroyer
  1321 | D:2      | Found a stormy altar of Qazlal.
  1327 | D:2      | Found a shadowy altar of Dithmenos.
  1545 | D:2      | Found a faded altar of an unknown god.
  1651 | D:2      | Reached XP level 4. HP: 23/38 MP: 5/7
  1993 | D:2      | Found a bloodstained altar of Trog.
  3093 | D:3      | Reached skill level 6 in Earth Magic
  3093 | D:3      | Reached XP level 5. HP: 25/45 MP: 0/8
  3186 | D:3      | Reached * piety under Makhleb
  3379 | D:3      | Noticed Sigmund
  3518 | D:3      | Found an ornate altar of the Wu Jian Council.
  3966 | D:4      | Found Jialeas's Antique Weapon Boutique.
  3980 | D:4      | Found a hide-covered altar of Uskayaw.
  4006 | D:4      | Reached skill level 1 in Conjurations
  4073 | D:4      | Noticed Eustachio
  4106 | D:4      | Noticed Edmund
  4538 | D:4      | Found Moel's Gadget Boutique.
  4541 | D:4      | Noticed an ogre
  4545 | D:4      | Reached XP level 6. HP: 46/52 MP: 5/10
  4548 | D:4      | Reached skill level 7 in Earth Magic
  4632 | D:4      | Learned a level 5 spell: Lee's Rapid Deconstruction
  4643 | D:4      | Found Kurenn's Book Shop.
  4845 | D:5      | Entered Level 5 of the Dungeon
  5135 | D:5      | Reached XP level 7. HP: 44/61 MP: 8/11
  5291 | D:5      | Found a glowing golden altar of the Shining One.
  5413 | D:5      | Noticed Prince Ribbit
  5492 | D:5      | Found a hazy altar of Hepliaklqana.
  5542 | D:5      | Reached skill level 8 in Earth Magic
  5843 | D:5      | Reached ** piety under Makhleb
  5899 | D:5      | Found a runed translucent door.
  5900 | D:5      | Noticed Crazy Yiuf
  6080 | D:5      | Killed Prince Ribbit
  6080 | D:5      | Reached skill level 9 in Earth Magic
  6080 | D:5      | Reached XP level 8. HP: 34/70 MP: 8/13
  6571 | D:6      | Reached skill level 10 in Earth Magic
  7113 | D:6      | Found a transporter.
  7113 | D:6      | Identified the cursed +0 dire flail of Uxtutea {vorpal,
                  | SInv}
  7114 | D:6      | Found a transporter.
  7114 | D:6      | Noticed lilly's ghost (novice MiMo)
  7115 | D:6      | Noticed Blork the orc
  7458 | D:6      | Gained mutation: You passively map the area around you.
                  | [Deep Dwarf growth]
  7458 | D:6      | Reached XP level 9. HP: 55/79 MP: 7/16
  7521 | D:6      | Learned a level 4 spell: Petrify
  7621 | D:6      | Reached skill level 1 in Evocations
  7717 | D:6      | Reached skill level 1 in Armour
  7797 | D:6      | Found a shimmering blue altar of Sif Muna.
  7886 | D:6      | Killed Blork the orc
  7982 | D:6      | Reached skill level 5 in Spellcasting
  8108 | D:6      | Noticed a five-headed hydra
  8885 | D:7      | Reached *** piety under Makhleb
  8885 | D:7      | Reached skill level 5 in Conjurations
  9039 | D:7      | Reached skill level 5 in Evocations
  9404 | D:7      | Found a staircase to the Ecumenical Temple.
  9571 | D:7      | Noticed Maggie
  9584 | D:7      | Killed Maggie
  9706 | D:7      | Reached skill level 11 in Earth Magic
  9706 | D:7      | Reached XP level 10. HP: 82/87 MP: 12/18
 10573 | D:8      | Noticed a two-headed ogre
 10604 | D:8      | Killed a two-headed ogre
 10604 | D:8      | Reached skill level 5 in Armour
 10891 | D:8      | Reached **** piety under Makhleb
 11597 | D:8      | Noticed Maurice
 11600 | D:8      | Killed Maurice
 12000 | D:9      | Reached skill level 12 in Earth Magic
 12104 | D:9      | Noticed Grum
 12109 | D:9      | Killed Grum
 12222 | D:9      | Noticed a purple ugly thing
 12603 | D:9      | Killed a purple ugly thing
 12762 | D:9      | Noticed Pikel
 12775 | D:9      | Killed Pikel
 12775 | D:9      | Reached XP level 11. HP: 93/93 MP: 0/20
 12997 | D:9      | Noticed Joseph
 13006 | D:9      | Killed Joseph
 13338 | D:9      | Found Onemn's Armour Emporium.
 13463 | D:9      | Found a blossoming altar of Fedhas.
 13513 | D:9      | Found a large runed translucent door.
 13526 | D:9      | Found a staircase to the Lair.
 13612 | D:9      | Found a large runed translucent door.
 13615 | D:9      | Noticed qipq's ghost (novice OpDe)
 13688 | D:10     | Entered Level 10 of the Dungeon
 13949 | D:10     | Reached skill level 13 in Earth Magic
 14986 | D:10     | Found Mexitiurph's Hallowed Reliquary.
 14987 | D:10     | Found a glowing golden altar of the Shining One.
 14989 | D:10     | Noticed an angel
 14993 | D:10     | Bought a potion of curing for 33 gold pieces
 14998 | D:10     | Identified a scroll of acquirement
 15005 | D:10     | Acquired an uncursed staff of earth
 15140 | D:10     | Reached ***** piety under Makhleb
 15833 | Lair:1   | Entered Level 1 of the Lair of Beasts
 15952 | Lair:1   | Reached skill level 1 in Staves
 16292 | Lair:1   | Reached skill level 14 in Earth Magic
 16324 | Lair:1   | Noticed a four-headed hydra
 16343 | Lair:1   | Killed a four-headed hydra
 16747 | Lair:1   | Reached skill level 1 in Shields
 17183 | Lair:1   | Reached XP level 12. HP: 59/100 MP: 3/22
 17191 | Lair:1   | Reached skill level 5 in Staves
 17315 | Lair:1   | HP: 5/100 [komodo dragon (27)]
 17565 | Lair:2   | Reached skill level 15 in Earth Magic
 17825 | Lair:2   | Noticed a catoblepas
 17841 | Lair:2   | Killed a catoblepas
 17997 | Lair:2   | Reached skill level 5 in Fighting
 18990 | Lair:2   | Noticed a seven-headed hydra
 18997 | Lair:2   | Killed a seven-headed hydra
 19519 | Lair:2   | Found a staircase to the Shoals.
 19524 | Lair:2   | Reached skill level 5 in Shields
 19797 | Lair:3   | Found a dark tunnel.
 19809 | Volcano  | Entered a volcano
 20027 | Volcano  | Reached skill level 10 in Evocations
 20251 | Volcano  | Reached XP level 13. HP: 78/111 MP: 5/21
 21266 | Volcano  | Noticed a fire dragon
 21276 | Volcano  | Killed a fire dragon
 21980 | Lair:3   | Reached ****** piety under Makhleb
 23971 | Lair:4   | Found a hole to the Spider Nest.
 25591 | Lair:4   | Reached skill level 10 in Staves
 26227 | Lair:5   | Gained mutation: You resist negative energy. (rN+) [Deep
                  | Dwarf growth]
 26227 | Lair:5   | Reached XP level 14. HP: 51/124 MP: 12/22
 26994 | Lair:5   | Found a staircase to the Slime Pits.
 27669 | Lair:6   | Entered Level 6 of the Lair of Beasts
 28331 | Lair:6   | Slain by a boulder beetle

Illustrated notes

Levels and vault maps discovered:
D:1:      dpeg_arrival_renting, layout_loops_corners
D:2:      layout_basic, grunt_temple_overflow_diamond,
          chequers_ecumenical_altar_twisty, trog_hazing_becter
D:3:      layout_basic, lemuel_coloured_pillars_altar,
          kennysheep_decorative_pillar, uniq_sigmund
D:4:      layout_rooms, eat_drink_and_be_merry_uskayaw, serial_shops, shop,
          shop, shop, uniq_edmund, uniq_eustachio
D:5:      minmay_diamond_boxcup, layout_gridville, lemuel_round_altar,
          nicolae_overflow_hidden_temple, kennysheep_generic_room_7,
          uniq_crazy_yiuf_cottage, uniq_prince_ribbit1
D:6:      minmay_chambers_of_sixes, layout_basic, kennysheep_mini_moat,
          gammafunk_ghost_smash, minmay_misc_feat_plants, minmay_ruffians,
          uniq_blork_the_orc
D:7:      layout_loops_ring, minmay_temple_entry_statues_fountains, uniq_maggie
D:8:      layout_gridville, uniq_maurice
D:9:      layout_rooms, old_standard_altar, serial_shops, nicolae_shop_crystal,
          ebering_ghost_disaster_area, grunt_ministairs_7, uniq_joseph,
          uniq_pikel, uniq_grum
D:10:     minmay_goldmine, layout_basic, nicolae_good_shop
Lair:1:   layout_hall_layers, columned_hall_lemuel,
          grunt_forest_small_clearing_treed
Lair:2:   layout_misc_corridors, elwin_shoals_entry_stream
Lair:3:   layout_regular_city, enter_volcano_4, infiniplex_staircase_pool,
          lemuel_fruit_tree
Lair:4:   layout_regular_city, spider_nest_entry_rubble
Lair:5:   cheibrodos_lair_river_kwai, layout_cellular_growth,
          minmay_slime_entry_oklob_open, beast_lair_carwin_1
Lair:6:   evilmike_catoblepas_cave, layout_regular_city,
          minmay_lair_oklob_chamber

Skill      XL: |  1  2  3  4  5  6  7  8  9 10 11 12 13 14 |
---------------+-------------------------------------------+-----
Spellcasting   | 2 3 4 5 6 7 |  7.0
Fighting       | 1 2 3 4 6 7 8 |  8.2
Earth Magic    | 5 6 7 9 10 11 12 14 15 | 15.1
Conjurations   | 1 2 3 4 5 |  5.1
Evocations     | 6 7 8 10 11 12 | 12.3
Armour         | 3 7 8 |  8.0
Staves         | 4 7 10 | 10.9
Shields        | 2 5 7 8 |  8.5
Dodging        | |  2.1
Stealth        | |  2.4
Transmutations | |  0.8

Action                   |  1- 3 |  4- 6 |  7- 9 | 10-12 | 13-15 || total
-------------------------+-------+-------+-------+-------+-------++-------
Melee: Dagger            |    63 |    24 |       |       |       ||    87
       Staff             |       |       |       |   148 |   200 ||   348
Throw: Dart              |     3 |       |       |       |       ||     3
       Stone             |     1 |       |       |       |       ||     1
 Cast: Sandblast         |    30 |    90 |   130 |   157 |    61 ||   468
       Stone Arrow       |       |     8 |    53 |   217 |   221 ||   499
       Lee's Rapid Decon |       |       |     6 |    45 |    30 ||    81
       Petrify           |       |       |       |       |     3 ||     3
 Abil: Heal Wounds       |     1 |     1 |       |     2 |     4 ||     8
Evoke: Wand              |       |       |       |       |     9 ||     9
  Use: Potion            |       |     1 |       |     1 |     2 ||     4
       Scroll            |       |       |     2 |    14 |     1 ||    17
 Stab: Sleeping          |     5 |       |       |       |       ||     5
Armor: Robe              |    20 |     6 |     7 |       |       ||    33
       Scale mail        |       |       |       |   157 |    95 ||   252
Dodge: Dodged            |    51 |    37 |    41 |   170 |   141 ||   440
Block: Kite shield       |       |       |       |       |    35 ||    35

Table legend: (Time is in decaauts)
 A = Elapsed time spent in this place.
 B = Non-inter-level travel time spent in this place.
 C = Inter-level travel time spent in this place.
 D = Time resting spent in this place.
 E = Time spent auto-exploring this place.
 F = Levels seen in this place.
 G = Mean time per level.
                   A        B        C        D        E       F      G
               +--------+--------+--------+--------+--------+-----+--------+
         Total |  28327 |  27377 |    950 |  12669 |   8984 |  17 | 1666.3 |
       Dungeon |  16100 |  15446 |    654 |   6147 |   6424 |  10 | 1610.0 |
          Lair |  10644 |  10349 |    295 |   5342 |   2560 |   6 | 1774.0 |
       Volcano |   1583 |   1583 |      0 |   1180 |      0 |   1 | 1583.0 |
               +--------+--------+--------+--------+--------+-----+--------+

Top non-repeatable levels by time:
     D:8: 2407 daAuts
  Lair:5: 2357 daAuts
  Lair:3: 2322 daAuts
  Lair:1: 2145 daAuts
    D:10: 2025 daAuts
  Lair:4: 2013 daAuts
     D:6: 2001 daAuts
     D:5: 1945 daAuts
     D:9: 1663 daAuts
 Volcano: 1583 daAuts
  Lair:2: 1514 daAuts
     D:2: 1423 daAuts
     D:3: 1300 daAuts
     D:1: 1243 daAuts
     D:7: 1192 daAuts
